 Dungeon Crawl Stone Soup version 0.21.1-1-g345015fe64 (webtiles) character file.

2963 Kejsarherre the Destroyer (level 9, -6/62 HPs)
             Began as an Octopode Conjurer on May 8, 2018.
             Was an Initiate of Vehumet.
             Mangled by a killer bee (10 damage)
             ... on level 7 of the Dungeon on May 9, 2018.
             The game lasted 00:22:18 (8536 turns).

Kejsarherre the Destroyer (Octopode Conjurer)       Turns: 8536, Time: 00:22:18

Health: -6/62      AC:  1    Str:  7      XL:     9   Next: 81%
Magic:  1/18       EV: 13    Int: 20      God:    Vehumet [......]
Gold:   400        SH:  0    Dex:  7 (17) Spells: 13/20 levels left

rFire    . . .     SeeInvis .   E - staff of energy
rCold    + . .     Gourm    .   (no shield)
rNeg     + . .     Faith    .   (helmet restricted)
rPois    +         Spirit   .   (no amulet)
rElec    .         Reflect  .   f - ring of protection from fire
rCorr    +         Harm     .   h - ring of positive energy
MR       +....                  j - ring of poison resistance
Stlth    ++++......             k - ring of resist corrosion
HPRegen  0.20/turn              t - ring of protection from magic
MPRegen  0.16/turn              (no ring)
                                z - +2 ring of dexterity
                                C - ring of ice

@: no status effects
A: almost no armour, stealthy swim, amphibious, 8 rings, constrict 8, tentacle
spike 1, camouflage 1, agile 1, gelatinous body 1
a: Renounce Religion


You were on level 7 of the Dungeon.
You worshipped Vehumet.
Vehumet was noncommittal.
You were not hungry.

You visited 2 branches of the dungeon, and saw 9 of its levels.

You collected 400 gold pieces.

Inventory:

Hand Weapons
 v - a +3 short sword of venom
Magical Staves
 g - an uncursed staff of summoning
 m - an uncursed staff of poison
 E - an uncursed staff of energy (weapon)
Jewellery
 f - a ring of protection from fire (left tentacle)
 h - a ring of positive energy (right tentacle)
 j - a ring of poison resistance (on tentacle)
 k - a ring of resist corrosion (on tentacle)
 t - a ring of protection from magic (on tentacle)
 z - a +2 ring of dexterity (on tentacle)
 C - a ring of ice (on tentacle)
Wands
 c - a wand of clouds (3)
 d - a wand of acid (4)
 n - a wand of iceblast (3)
 A - a wand of digging (13)
Scrolls
 e - a scroll of enchant weapon
 i - 3 scrolls of remove curse
 l - 7 scrolls of teleportation
 p - 2 scrolls of magic mapping {unknown}
 r - a scroll of identify
 w - a scroll of blinking
Potions
 o - 3 potions of curing
 q - a potion of cancellation
 s - 4 potions of flight
 u - a potion of might {unknown}
 B - a potion of lignification
 D - a potion of resistance
Books
 a - a book of Conjurations

   Spells                             Type                      Level
   a - Magic Dart                     Conjuration                  1
   b - Searing Ray                    Conjuration                  2
   c - Dazzling Spray                 Conjuration/Hexes            3
   d - Fulminant Prism                Conjuration/Hexes            4
   e - Force Lance                    Conjuration/Translocation    4
   f - Iskenderun's Mystic Blast      Conjuration                  4
 y - a book of Changes

   Spells                             Type                      Level
   a - Beastly Appendage              Transmutation                1
   b - Sticks to Snakes               Transmutation                2
   c - Spider Form                    Transmutation/Poison         3
   d - Ice Form                       Ice/Transmutation            4
   e - Blade Hands                    Transmutation                5
Comestibles
 b - 12 rations


   Skills:
 + Level 6.3 Fighting
 - Level 2.0 Dodging
 - Level 6.4 Stealth
 - Level 6.2 Spellcasting
 + Level 8.3 Conjurations
 - Level 5.1 Evocations


You had 13 spell levels left.
You knew the following spells:

 Your Spells              Type           Power        Failure   Level  Hunger
a - Magic Dart            Conj           ####         1%          1    None
b - Searing Ray           Conj           #####.       1%          2    None
c - Iskenderun's Mystic   Conj           #####...     3%          4    None


Dungeon Overview and Level Annotations

Branches:
Dungeon (8/15)             Temple (1/1) D:7
   Lair: D:8-11

Altars:
Ashenzari
Cheibriados
Dithmenos
Elyvilon
Fedhas
Gozag
Hepliaklqana
Kikubaaqudgha
Makhleb
Nemelex Xobeh
Okawaru
Ru
Sif Muna
Trog
Uskayaw
Vehumet
Wu Jian
Xom
Yredelemnul
Zin
The Shining One

Shops:
D:6 [


Innate Abilities, Weirdness & Mutations

You cannot wear most types of armour.
You are very stealthy in the water. (Stealth+)
You are amphibious.
You can wear up to eight rings at the same time.
You can use your tentacles to constrict eight enemies at once.
Your skin changes colour to match your surroundings (Stealth+).
Your rubbery body absorbs attacks. (AC +1, EV +1)
One of your tentacles bears a spike.
You are agile. (Dex +2)


Message History

A centaur skeleton comes into view.
You feel better. The killer bee barely misses you. The killer bee stings you!
Unknown command.
You miss the killer bee. Your grab misses the killer bee.
The killer bee is almost dead.
The killer bee barely misses you. The killer bee misses you.
A hound comes into view.
The killer bee misses you. The killer bee stings you.
* * * LOW HITPOINT WARNING * * *
The crimson imp hits you.
* * * LOW HITPOINT WARNING * * *
You climb upwards.
There is a stone staircase leading down here.
Unknown command.
You completely miss the killer bee. Your grab misses the killer bee.
The killer bee is almost dead.
The killer bee stings you!
* * * LOW HITPOINT WARNING * * *
The killer bee stings you!
You die...

#......#.#.# ##..# #.######
#......#.#.# #..# #.#
####...#.#.# #..# #.#
#..#...#.#.# #..#########.###
##.#.###.#.# #..#...........#
#........#.# #..#...........#
#..#.#####.####..#...........#
#..#.#####.....5.y...........#
#....#..........@#...........#
##.#.#.###...#####...........#
#..#.#.# #...# #############
#....#.# #...# .###.#.# #...#
..##.#.# #...# ..##.#.# #...#
.^##.#.# #...# ..##.#.# #...#


You could see a killer bee and a crimson imp.

Vanquished Creatures
  Pikel (D:6)
  A wyvern (D:6)
  A hungry ghost (D:7)
  Menkaure (D:5)
  2 sky beasts
  2 slaves (D:6)
  The ghost of Freyura the Skirmisher, an amateur MiFi of Ashenzari (D:4)
  A phantom (D:7)
  3 ogres
  3 centaurs
  3 bullfrogs
  A wyvern skeleton (D:7)
  3 scorpions
  3 killer bees (D:8)
  2 hounds
  A jelly (D:7)
  A quasit (D:7)
  A centaur zombie (D:6)
  2 orc priests
  4 orc wizards
  Jessica (D:2)
  3 worker ants
  A hound zombie (D:7)
  2 worker ant zombies
  11 gnolls
  5 adders
  A shadow imp (D:7)
  2 oozes
  A worm (D:4)
  4 dart slugs (D:1)
  4 leopard geckos
  21 orcs
  5 bats
  2 giant cockroaches
  11 goblins
  14 hobgoblins
  11 jackals
  15 kobolds
  6 quokkas
  5 frilled lizards
  A jackal zombie (D:5)
  A leopard gecko skeleton (D:5)
  2 quokka zombies
  10 rats
176 creatures vanquished.

Vanquished Creatures (others)
  A plant (D:4)
1 creature vanquished.

Grand Total: 177 creatures vanquished

Notes
Turn   | Place    | Note
-------+----------+-------------------------------------------
     0 | D:1      | Kejsarherre the Octopode Conjurer began the quest for the Orb.
     0 | D:1      | Reached XP level 1. HP: 11/11 MP: 3/3
   269 | D:1      | Reached XP level 2. HP: 6/17 MP: 0/5
   658 | D:1      | Reached XP level 3. HP: 20/21 MP: 2/6
  1575 | D:2      | Reached XP level 4. HP: 27/27 MP: 0/8
  1646 | D:1      | Learned a level 2 spell: Searing Ray
  1939 | D:2      | Noticed Jessica
  1949 | D:2      | Killed Jessica
  1949 | D:2      | Reached skill level 5 in Conjurations
  1949 | D:2      | Reached XP level 5. HP: 31/31 MP: 4/10
  2420 | D:4      | Noticed an ogre
  2427 | D:4      | Killed an ogre
  2427 | D:4      | Reached XP level 6. HP: 34/36 MP: 4/12
  2592 | D:4      | Noticed Freyura's ghost (amateur MiFi)
  3289 | D:4      | Reached skill level 5 in Spellcasting
  3566 | D:4      | Reached XP level 7. HP: 31/41 MP: 10/15
  3770 | D:4      | Learned a level 4 spell: Iskenderun's Mystic Blast
  4087 | D:4      | Killed Freyura's ghost
  4087 | D:4      | Reached skill level 1 in Fighting
  4371 | D:5      | Entered Level 5 of the Dungeon
  4421 | D:5      | Reached skill level 5 in Stealth
  4756 | D:5      | Reached XP level 8. HP: 51/51 MP: 11/17
  5047 | D:5      | Noticed Menkaure
  5052 | D:5      | Killed Menkaure
  5052 | D:5      | Reached skill level 6 in Conjurations
  5616 | D:6      | Noticed a wyvern
  5624 | D:6      | Killed a wyvern
  5624 | D:6      | Reached skill level 1 in Evocations
  5775 | D:6      | Gained mutation: You are agile. (Dex +2) [potion of mutation]
  5775 | D:6      | Gained mutation: One of your tentacles bears a spike. [potion of mutation]
  5991 | D:6      | Noticed Pikel
  6009 | D:6      | Killed Pikel
  6009 | D:6      | Reached skill level 7 in Conjurations
  6009 | D:6      | Reached XP level 9. HP: 15/60 MP: 6/18
  6249 | D:6      | Found Ipoi's Antique Armour Shop.
  6359 | D:6      | Reached skill level 5 in Fighting
  6675 | D:6      | HP: 2/61 [sky beast (6)]
  7466 | D:7      | Found a staircase to the Ecumenical Temple.
  7606 | Temple   | Entered the Ecumenical Temple
  7678 | Temple   | Became a worshipper of Vehumet
  7952 | D:7      | Reached skill level 5 in Evocations
  8205 | D:7      | Reached skill level 8 in Conjurations
  8536 | D:7      | Mangled by a killer bee

Skill      XL: |  1  2  3  4  5  6  7  8  9 |
---------------+----------------------------+-----
Stealth        | 3 4 5 6 |  6.4
Spellcasting   | 3 4 5 6 |  6.2
Conjurations   | 5 7 8 |  8.3
Fighting       | 2 4 6 |  6.3
Evocations     | 3 5 |  5.1
Dodging        | |  2.0

Action                   |  1- 3 |  4- 6 |  7- 9 || total
-------------------------+-------+-------+-------++-------
Melee: Unarmed           |    76 |       |       ||    76
       Constrict         |    25 |    21 |    28 ||    74
       Tentacles         |    12 |    17 |    16 ||    45
       Staff             |       |    66 |    56 ||   122
       Short sword       |       |    19 |    66 ||    85
       Kick              |       |       |    15 ||    15
 Cast: Magic Dart        |    33 |    41 |    55 ||   129
       Searing Ray       |       |    18 |    27 ||    45
       Iskenderun's Myst |       |       |    24 ||    24
Evoke: Staff of energy   |       |       |     1 ||     1
  Use: Potion            |       |     2 |     5 ||     7
       Scroll            |       |       |    13 ||    13
 Stab: Sleeping          |     6 |    11 |     7 ||    24
       Distracted        |       |       |     1 ||     1
  Eat: Chunk             |     2 |     7 |     9 ||    18
       Ration            |       |       |     3 ||     3
Armor: Skin              |    12 |     4 |    15 ||    31
Dodge: Dodged            |    51 |    98 |   138 ||   287
